 Dungeon Crawl Stone Soup version 0.24.0-13-gcf9b3192b9 (webtiles) character file.

Game seed: 3258031447414414309, levelgen mode: classic

5 EnegeticOcto the Grave Robber (level 1, -4/15 HPs)
             Began as a Merfolk Necromancer on Nov 7, 2019.
             Slain by a hobgoblin
             ... wielding a +0 club
              (5 damage)
             ... on level 1 of the Dungeon.
             The game lasted 00:00:41 (376 turns).

EnegeticOcto the Grave Robber (Merfolk Necromancer)  Turns: 376, Time: 00:00:41

Health: -4/15      AC:  3    Str:  8    XL:     1   Next: 80%
Magic:  1/3        EV: 13    Int: 14    God:
Gold:   0          SH:  0    Dex: 14    Spells: 3/4 levels left

rFire    . . .     SeeInvis .   (no weapon)
rCold    . . .     Gourm    .   (no shield)
rNeg     . . .     Faith    .   a - +1 robe
rPois    .         Spirit   .   (no helmet)
rElec    .         Reflect  .   (no cloak)
rCorr    .         Harm     .   (no gloves)
MR       .....                  (no boots)
Stlth    ++........             (no amulet)
HPRegen  0.05/turn              (no ring)
MPRegen  0.08/turn              (no ring)

@: no status effects
A: change form in water, swift swim, stealthy swim
a: no special abilities


You were on level 1 of the Dungeon.
You were not hungry.

You visited 1 branch of the dungeon, and saw 1 of its levels.

Inventory:

Hand Weapons
 b - a +0 hunting sling
Armour
 a - a +1 robe (worn)
Comestibles
 e - a ration


   Skills:
 + Level 1.4 Fighting
 - Level 2.6 Dodging
 - Level 2.1 Stealth
 - Level 2.0 Spellcasting
 - Level 3.2 Necromancy


You had 3 spell levels left.
You knew the following spells:

 Your Spells              Type           Power        Failure   Level  Hunger
a - Pain                  Necr           ##..         6%          1    ##.....

Your spell library contained the following spells:

 Spells                   Type           Power        Failure   Level  Hunger
 Animate Skeleton         Necr           N/A          6%          1    ##.....
 Vampiric Draining        Necr           ##........   19%         3    ####...
 Regeneration             Chrm/Necr      #.........   36%         3    ####...
 Animate Dead             Necr           N/A          52%         4    #####..


Dungeon Overview and Level Annotations

Branches:
Dungeon (1/15)

Altars:


Message History

The frilled lizard hisses angrily.
Casting: Pain (safe; 6% risk of failure)
Confirm with . or Enter, or press ? or * to list all spells.
Aiming: Pain (safe; 6% risk of failure)
Press: ? - help, Shift-Dir - straight line, f - frilled lizard
Aim: a frilled lizard (chance to defeat MR: 78%)
The frilled lizard writhes in agony.
You kill the frilled lizard!
You start resting.
Magic restored.
HP restored.
Casting: Pain (safe; 6% risk of failure)
Confirm with . or Enter, or press ? or * to list all spells.
Aiming: Pain (safe; 6% risk of failure)
Press: ? - help, Shift-Dir - straight line, f - giant cockroach
Aim: a giant cockroach (clinging, chance to defeat MR: 78%)
The giant cockroach writhes in agony.
Casting: Pain (safe; 6% risk of failure)
Confirm with . or Enter, or press ? or * to list all spells.
Aiming: Pain (safe; 6% risk of failure)
Press: ? - help, Shift-Dir - straight line, f/p - giant cockroach
Aim: a giant cockroach (heavily wounded, clinging, chance to defeat MR: 78%)
The giant cockroach writhes in agony.
Casting: Pain (safe; 6% risk of failure)
Confirm with . or Enter, or press ? or * to list all spells.
Aiming: Pain (safe; 6% risk of failure)
Press: ? - help, Shift-Dir - straight line, f/p - giant cockroach
Aim: a giant cockroach (almost dead, chance to defeat MR: 78%)
The giant cockroach writhes in agony.
You kill the giant cockroach!
Your Fighting skill increases to level 1!
A bat comes into view.
Found 11 poisoned darts.
You see here a scroll labeled EFASCH VIES.
A bat is nearby!
c - a scroll labeled EFASCH VIES You start resting.
Magic restored.
HP restored.
You open the door.
There is an open door here.
You open the door.
A frilled lizard comes into view.
Found 12 gold pieces and a dagger.
There is an open door here.
Casting: Pain (safe; 6% risk of failure)
Confirm with . or Enter, or press ? or * to list all spells.
Aiming: Pain (safe; 6% risk of failure)
Press: ? - help, Shift-Dir - straight line, f - bat
Aim: a bat (resting, chance to defeat MR: 78%)
The bat barely resists.
Casting: Pain (safe; 6% risk of failure)
Confirm with . or Enter, or press ? or * to list all spells.
Aiming: Pain (safe; 6% risk of failure)
Press: ? - help, Shift-Dir - straight line, f/p - bat
Aim: a bat (chance to defeat MR: 78%)
The bat writhes in agony.
You kill the bat!
A rat and a kobold come into view.
Casting: Pain (safe; 6% risk of failure)
Confirm with . or Enter, or press ? or * to list all spells.
Aiming: Pain (safe; 6% risk of failure)
Press: ? - help, Shift-Dir - straight line, f - frilled lizard
Aim: a frilled lizard (resting, chance to defeat MR: 78%)
The frilled lizard writhes in agony.
You kill the frilled lizard!
The kobold shouts!
There is an open door here.
You open the door.
A hobgoblin comes into view. It is wielding a +0 club.
The hobgoblin shouts!
There is an open door here.
You hit the rat.
The rat is severely wounded.
The rat bites you.
Casting: Pain (safe; 6% risk of failure)
Confirm with . or Enter, or press ? or * to list all spells.
Aiming: Pain (safe; 6% risk of failure)
Press: ? - help, Shift-Dir - straight line, f - rat
Aim: a rat (severely wounded, chance to defeat MR: 78%)
The rat barely resists.
The rat bites you but does no damage.
As you read the scroll labeled EFASCH VIES, it crumbles to dust.
It is a scroll of enchant armour.
Your +0 robe glows green for a moment.
The rat barely misses you. The hobgoblin hits you with a +0 club.
* * * LOW HITPOINT WARNING * * *
You barely miss the hobgoblin. The rat bites you.
* * * LOW HITPOINT WARNING * * *
You barely miss the hobgoblin. The hobgoblin misses you.
The rat closely misses you.
You closely miss the hobgoblin.
The hobgoblin hits you but does no damage.
The rat closely misses you.
You hit the hobgoblin.
The hobgoblin is severely wounded.
The hobgoblin closely misses you. The rat closely misses you.
You hit the hobgoblin.
The hobgoblin is almost dead.
The hobgoblin hits you with a +0 club.
You die...

.. #.......######.....#
...##.......#....#.######
....^......##.##.#......#
.....#....'#..##.######.#
..##.#....#..###.# #....#
# #...#######.###.####
#.#...######...##'##
#.#...##.r...#.+...+
##.....'g@#.#####.<.#
...#...####.# +...+
....... ###.# ##+##
.#...(.##...#
...#....#.### .$......'##
.........# ..........#
......r...#


You could see a hobgoblin and a rat.

Vanquished Creatures
  2 giant cockroaches (D:1)
  A bat (D:1)
  3 frilled lizards (D:1)
6 creatures vanquished.

Notes
Turn   | Place    | Note
-------+----------+-------------------------------------------
     0 | D:1      | EnegeticOcto the Merfolk Necromancer began the quest for
                  | the Orb.
     0 | D:1      | Reached XP level 1. HP: 13/13 MP: 3/3
   271 | D:1      | Reached skill level 1 in Fighting
   376 | D:1      | Slain by a hobgoblin

Levels and vault maps discovered:
D:1:      nicolae_arrival_somewhat_less_tricky_arrival, layout_rooms,
          minmay_hexomino_u4

Skill      XL: |  1 |
---------------+----+-----
Fighting       | 1 |  1.4
Dodging        | |  2.6
Stealth        | |  2.1
Spellcasting   | |  2.0
Necromancy     | |  3.2

Action                   || total
-------------------------++-------
Melee: Unarmed           ||    17
 Cast: Pain              ||    12
  Use: Scroll            ||     1
Armor: Robe              ||     5
Dodge: Dodged            ||    12
